 Dungeon Crawl Stone Soup version 0.31-a0-182-gc5ef74bbde (webtiles) character file.

Game seed: 5750297636566145268

938 qw the Chopper (level 8, -7/48 HPs)
             Began as a Gargoyle Fighter on June 20, 2023.
             Was a Follower of Okawaru.
             Mangled by an ogre
             ... wielding a +0 giant spiked club
              (15 damage)
             ... on level 5 of the Dungeon.
             The game lasted 00:02:24 (5078 turns).

qw the Chopper (Gargoyle Fighter)                   Turns: 5078, Time: 00:02:24

Health: -7/48      AC: 15    Str: 22    XL:     8   Next: 12%
Magic:  10/10      EV:  8    Int:  9    God:    Okawaru [*.....]
Gold:   251        SH:  5    Dex: 15    Spells: 7/7 levels left

rFire   . . .        Y - +1 war axe
rCold   . . .        c - +0 buckler
rNeg    + . .        f - +0 chain mail
rPois   inf          s - +0 helmet
rElec   +            (no cloak)
rCorr   .            (no gloves)
SInv    .            (no boots)
Will    +....        (no amulet) Stlth
                     m - +6 ring of dexterity
HPRegen 0.28/turn    o - ring of willpower
MPRegen 0.12/turn

%: no passive effects
@: no status effects
A: sickness immunity, AC +5, negative energy resistance 1, electricity
resistance, torment resistance 1, petrification resistance
a: Renounce Religion, Heroism


You were on level 5 of the Dungeon.
You worshipped Okawaru.
Okawaru was aware of your devotion.
You visited 2 branches of the dungeon, and saw 6 of its levels.

You collected 251 gold pieces.


Innate Abilities, Weirdness & Mutations

You are immune to sickness and miasma.
Your stone body is resilient. (AC +5)
You are immune to poison.
You resist negative energy. (rN+)
You are resistant to electric shocks. (rElec)
You are resistant to unholy torment.
You are immune to petrification.


   Skills:
 + Level 4.9 Fighting
 - Level 7.0 Axes
 - Level 3.2 Armour
 - Level 1.1 Dodging
 - Level 3.2 Shields
 + Level 3.5 Invocations


You had 7 spell levels left.
You didn't know any spells.
Your spell library was empty.

Inventory:

Hand Weapons
 a - a +0 flail
 Y - a +1 war axe (weapon)
Armour
 c - a +0 buckler (worn)
 f - a +0 chain mail (worn)
 s - a +0 helmet (worn)
Jewellery
 m - a +6 ring of dexterity (left hand)
 o - a ring of willpower (right hand)
Scrolls
 e - a scroll of identify
Potions
 b - a potion of curing
 d - a potion of might
 g - a potion of enlightenment
 h - a potion of invisibility {unknown}
 k - 2 potions of haste {unknown}
 l - a potion of resistance {unknown}

Dungeon Overview and Level Annotations

Branches:
Dungeon (5/15)             Temple (1/1) D:4

Altars:
Dithmenos
Fedhas
Gozag
Kikubaaqudgha
Nemelex Xobeh
Okawaru
Qazlal
Ru
Sif Muna
Trog
Uskayaw
Xom
Yredelemnul
Zin
The Shining One

Annotations:
D:3 1 runed translucent door, Crazy Yiuf


Message History

The orc wizard hits you but does no damage.
The orc barely misses you.
The orc priest hits you but does no damage.
You slice the orc wizard!!
You kill the orc wizard!
Okawaru accepts your kill.
You hit the orc priest but do no damage.
You hit the orc. The orc hits you but does no damage.
The orc priest closely misses you.
You hit the orc.
The orc is almost dead.
You hit the orc priest. The orc priest closely misses you.
The orc closely misses you.
You slash the orc!
You kill the orc!
Okawaru accepts your kill.
You hit the orc priest.
The orc priest hits you with a +0 short sword.
You closely miss the orc priest.
The orc priest is severely wounded.
You barely miss the ogre.
The orc priest hits you but does no damage.
You block the ogre's attack.
You slash the orc priest!
You kill the orc priest!
Okawaru accepts your kill.
You hit the ogre. You barely miss the ogre.
The ogre is lightly wounded.
The ogre barely misses you.
You hit the ogre.
The ogre is moderately wounded.
The ogre hits you with a +0 giant spiked club!
You hit the ogre but do no damage.
The ogre is moderately wounded.
You slash the ogre!
The ogre is heavily wounded.
You feel like a meek peon again.
The ogre hits you with a +0 giant spiked club!
You die...

#.......# #.......#
#.......# ### #.......#
# #.# ###.......# #
#.#######.........## #
#^.................. ##
#...# ##............ .#
#...# #...##@)......
.####...###..###)O......
.##.....#....# #........
.#..###%....## #........
..>.#......## #...?....
...........# #........
....####...# .........
##..# #...# #........
...... .....


You could see an ogre.

Vanquished Creatures
  An ice beast (D:5)
  An ogre (D:4)
  A bullfrog (D:4)
  A scorpion (D:5)
  A jelly (D:4)
  2 hounds (D:4)
  5 orc priests
  A sleepcap (D:4)
  3 iguanas
  3 orc wizards
  Robin (D:4)
  A gnoll (D:4)
  7 adders
  2 worms
  A dart slug (D:4)
  17 orcs
  8 ball pythons
  4 bats
  6 endoplasms
  A giant cockroach (D:1)
  10 hobgoblins
  12 jackals
  5 quokkas
  2 frilled lizards
  13 goblins
  8 kobolds
  23 rats
140 creatures vanquished.

Notes
Turn   | Place    | Note
-------+----------+-------------------------------------------
     0 | D:1      | qw the Gargoyle Fighter began the quest for the Orb.
     0 | D:1      | Reached XP level 1. HP: 14/14 MP: 1/1
     0 | D:1      | 0 ||| qw: Version: 0.3-a-9-g12657ce
     0 | D:1      | 0 ||| qw: Game counter: 1289
     0 | D:1      | 0 ||| qw: Always use a shield: true
     0 | D:1      | 0 ||| qw: God list: Okawaru
     0 | D:1      | 0 ||| qw: Allow faded altars: false
     0 | D:1      | 0 ||| qw: Do Orc after D:15 true
     0 | D:1      | 0 ||| qw: Do second Lair branch before Depths: true
     0 | D:1      | 0 ||| qw: Lair rune preference: random
     0 | D:1      | 0 ||| qw: Plans: Normal, Zot:1-4, Slime:5, God:TSO, Crypt,
                  | Tomb, Abyss, Pan, Hells, Win
     0 | D:1      | 0 ||| PLANNING D:1-11
    81 | D:1      | Reached skill level 2 in Axes
   152 | D:1      | Reached XP level 2. HP: 16/19 MP: 2/2
   475 | D:1      | Found a faded altar of an unknown god.
   721 | D:1      | 721 ||| DROPPING +0 club.
   961 | D:1      | 961 ||| READING scroll labelled ORCHIT LEPOUTE.
   962 | D:1      | 962 ||| READING scroll labelled TOKIPP UJET.
   963 | D:1      | 963 ||| READING scroll labelled LUALOH BETITO.
   964 | D:1      | 964 ||| DRINKING 2 smoky inky potions.
  1003 | D:2      | 1003 ||| Stepping ~*~*~tactically~*~*~ (stealth).
  1023 | D:2      | Reached skill level 3 in Axes
  1049 | D:2      | Reached XP level 3. HP: 23/23 MP: 3/3
  1272 | D:2      | 1272 ||| Stepping ~*~*~tactically~*~*~ (stealth).
  1630 | D:2      | 1630 ||| Stepping ~*~*~tactically~*~*~ (hiding).
  1631 | D:2      | 1631 ||| Stepping ~*~*~tactically~*~*~ (hiding).
  1632 | D:2      | 1632 ||| Stepping ~*~*~tactically~*~*~ (hiding).
  1633 | D:2      | 1633 ||| Stepping ~*~*~tactically~*~*~ (hiding).
  2004 | D:2      | 2004 ||| UPGRADING to +6 ring of dexterity.
  2005 | D:2      | 2005 ||| UPGRADING to ring of willpower.
  2006 | D:2      | 2006 ||| READING scroll labelled LYIRUVV XIREXE.
  2020 | D:2      | 2020 ||| READING 2 scrolls labelled NISHRE IHIWK.
  2021 | D:2      | 2021 ||| READING scroll labelled ETOVVUE IZ REXT.
  2022 | D:2      | 2022 ||| READING 2 scrolls labelled BONUIKHLUSU.
  2023 | D:2      | 2023 ||| READING scroll labelled FINGIH VOTIGO.
  2028 | D:2      | 2028 ||| DROPPING scroll of fear.
  2056 | D:3      | Reached XP level 4. HP: 28/28 MP: 4/4
  2070 | D:3      | Reached skill level 1 in Dodging
  2083 | D:3      | 2083 ||| Stepping ~*~*~tactically~*~*~ (stealth).
  2243 | D:3      | 2243 ||| Stepping ~*~*~tactically~*~*~ (stealth).
  2245 | D:3      | 2245 ||| Stepping ~*~*~tactically~*~*~ (hiding).
  2260 | D:3      | Reached skill level 4 in Axes
  2274 | D:3      | Reached XP level 5. HP: 24/32 MP: 5/5
  2303 | D:3      | 2303 ||| DROPPING +0 whip.
  2381 | D:3      | Found a runed translucent door.
  2382 | D:3      | Noticed Crazy Yiuf
  2977 | D:3      | 2977 ||| DRINKING 2 lumpy coppery potions.
  2978 | D:3      | 2978 ||| READING 2 scrolls of identify.
  2978 | D:3      | 2978 ||| IDENTIFYING silvery potion
  2979 | D:3      | 2979 ||| DROPPING potion of degeneration.
  3121 | D:4      | Found a staircase to the Ecumenical Temple.
  3122 | D:4      | 3122 ||| PLANNING TEMPLE
  3122 | D:4      | 3122 ||| DROPPING scarf of harm.
  3128 | Temple   | Entered the Ecumenical Temple
  3129 | Temple   | 3129 ||| PLANNING OKAWARU WORSHIP
  3135 | Temple   | Became a worshipper of Warmaster Okawaru
  3136 | Temple   | 3136 ||| PLANNING D:1-11
  3478 | D:4      | Reached skill level 5 in Axes
  3834 | D:4      | Reached XP level 6. HP: 38/38 MP: 6/6
  4049 | D:4      | Reached XP level 7. HP: 19/44 MP: 7/7
  4183 | D:4      | Reached skill level 6 in Axes
  4184 | D:4      | HP: 1/44 [orc priest/divine providence (12)]
  4185 | D:4      | 4185 ||| READING scroll of teleportation.
  4186 | D:4      | 4186 ||| DRINKING potion of heal wounds.
  4492 | D:4      | Noticed Robin
  4521 | D:4      | Killed Robin
  4667 | D:4      | 4667 ||| UPGRADING to +0 chain mail.
  4677 | D:4      | 4677 ||| DROPPING +0 scale mail.
  4678 | D:4      | 4678 ||| UPGRADING to +1 hat.
  4683 | D:4      | 4683 ||| UPGRADING to +0 helmet.
  4693 | D:4      | 4693 ||| DROPPING +1 hat.
  4694 | D:4      | 4694 ||| READING scroll labelled DAPELEXAYLL.
  4695 | D:4      | 4695 ||| READING scroll labelled NAFYMA SEQOJ.
  4696 | D:4      | 4696 ||| READING scroll labelled GYCAST MUJICW.
  4697 | D:4      | 4697 ||| DRINKING 2 murky orange potions.
  4698 | D:4      | 4698 ||| DRINKING 3 fuming coppery potions.
  4699 | D:4      | 4699 ||| DRINKING potion of curing.
  4699 | D:4      | 4699 ||| (to cure confusion)
  4700 | D:4      | 4700 ||| DROPPING 2 potions of ambrosia.
  4729 | D:4      | Reached * piety under Okawaru
  4731 | D:5      | Entered Level 5 of the Dungeon
  4739 | D:5      | 4739 ||| STAIRDANCE
  4804 | D:5      | Reached skill level 1 in Invocations
  4848 | D:5      | 4848 ||| Stepping ~*~*~tactically~*~*~ (stealth).
  4850 | D:5      | 4850 ||| Stepping ~*~*~tactically~*~*~ (hiding).
  4852 | D:5      | 4852 ||| INVOKING Heroism.
  4959 | D:5      | 4959 ||| INVOKING Heroism.
  5019 | D:5      | Reached skill level 7 in Axes
  5019 | D:5      | Reached skill level 3 in Invocations
  5019 | D:5      | Reached XP level 8. HP: 48/48 MP: 8/10
  5060 | D:5      | 5060 ||| INVOKING Heroism.
  5076 | D:5      | HP: 8/48 [ogre/+0 giant spiked club (17)]
  5078 | D:5      | Mangled by an ogre

Levels and vault maps discovered:
D:1:      lightli_arrival_statue_moat, layout_basic,
          hellmonk_ecumenical_altar_run_dry
D:2:      layout_basic, serial_rivers, chequers_serial_rivers_micro_b,
          chequers_serial_rivers_room_a, chequers_serial_rivers_micro_d,
          chequers_serial_rivers_small_b, chequers_serial_rivers_small_a
D:3:      layout_loops_ring, hangedman_decor_points, nrook_mini_backslash,
          minmay_rat_hole, uniq_crazy_yiuf_cottage
D:4:      cheibrodos_barr_body, layout_basic, minmay_temple_entry_nine_rooms,
          uniq_robin
D:5:      layout_rooms, kennysheep_mini_moat, minmay_misc_feat_columns,
          kennysheep_generic_room_14
Temple:   nicolae_temple_no_exploring_needed

Skill      XL: |  1  2  3  4  5  6  7 |
---------------+----------------------+-----
Axes           | 2 3 4 5 7 |  7.0
Dodging        | 1 |  1.1
Fighting       | 4 |  4.9
Invocations    | 3 |  3.5
Armour         | |  3.2
Shields        | |  3.2

Action                     |  1- 3 |  4- 6 |  7- 9 || total
---------------------------+-------+-------+-------++-------
  Melee: War axe           |    96 |   177 |   115 ||   388
         Unarmed           |       |       |    19 ||    19
 Invoke: Heroism           |       |       |     3 ||     3
    Use: Scroll            |     8 |     1 |     4 ||    13
         Potion            |     1 |     1 |     4 ||     6
 Armour: Scale mail        |    34 |    68 |    17 ||   119
         Chain mail        |       |       |    39 ||    39
  Dodge: Dodged            |    37 |    77 |    47 ||   161
  Block: Buckler           |    15 |    38 |    26 ||    79

Table legend:
 A = Non-vault XP
 B = Vault XP
 C = Vault XP percentage of total XP
 D = Non-vault monster count
 E = Vault monster count
 F = Vault count percentage of total count
                 A         B        C        D         E       F
            +---------+---------+-------+---------+---------+-------
      Total |    1004 |     337 |  25.1 |     100 |      40 |  28.6
            +---------+---------+-------+---------+---------+-------
        D:1 |      27 |       0 |   0.0 |      17 |       0 |   0.0
        D:2 |      44 |       0 |   0.0 |      22 |       0 |   0.0
        D:3 |     144 |      20 |  12.2 |      26 |      19 |  42.2
        D:4 |     268 |     317 |  54.2 |      16 |      21 |  56.8
        D:5 |     521 |       0 |   0.0 |      19 |       0 |   0.0
            +---------+---------+-------+---------+---------+-------
